 Dungeon Crawl Stone Soup version 0.26-a0-394-g0b5ff556b1 (webtiles) character file.

Game seed: 15001196267094448257

105 Gargoyl the Skirmisher (level 4, -2/45 HPs)
             Began as a Gnoll Abyssal Knight on July 23, 2020.
             Was a Believer of Lugonu.
             Killed by nerve-wracking pain
             ... invoked by an orc priest
              (12 damage)
             ... on level 3 of the Dungeon.
             The game lasted 00:03:22 (2197 turns).

Gargoyl the Skirmisher (Gnoll Abyssal Knight)       Turns: 2197, Time: 00:03:22

Health: -2/45      AC:  9    Str: 12    XL:     4   Next: 81%
Magic:  7/7        EV: 11    Int: 15    God:    Lugonu [**....]
Gold:   93         SH:  0    Dex: 15    Spells: 5/5 levels left

rFire    . . .     SeeInvis .   a - +1 hand axe
rCold    . . .     Faith    .   (no shield)
rNeg     . . .     Spirit   .   l - +0 ring mail
rPois    .         Reflect  .   (no helmet)
rElec    .         Harm     .   (no cloak)
rCorr    .                      k - +1 pair of gloves
MR       .....                  h - +0 pair of boots
Stlth    +.........             d - amulet of regeneration
HPRegen  0.55/turn              f - ring of wizardry
MPRegen  0.10/turn              (no ring)

@: stab
A: distributed training, fangs 1, robust 1, weak 1, strong nose
a: Depart the Abyss, Bend Space, Renounce Religion


You were on level 3 of the Dungeon.
You worshipped Lugonu.
Lugonu was pleased with you.
You visited 1 branch of the dungeon, and saw 3 of its levels.
You visited the Abyss 1 time.

You collected 93 gold pieces.

Inventory:

Hand Weapons
 a - a +1 hand axe (weapon)
Armour
 h - a +0 pair of boots (worn)
 k - a +1 pair of gloves (worn)
 l - a +0 ring mail (worn)
Jewellery
 d - an amulet of regeneration (around neck)
 f - a ring of wizardry (left hand)
 n - an uncursed ring of protection from fire
Scrolls
 g - 2 scrolls of remove curse
 i - a scroll of identify
 m - a scroll of enchant weapon {unknown}
Potions
 j - a potion of curing {unknown}


   Skills:
 + Level 6.6 Fighting
 + Level 1.2 Short Blades
 + Level 1.2 Long Blades
 + Level 4.7 Axes
 + Level 1.2 Maces & Flails
 + Level 1.2 Polearms
 + Level 1.2 Staves
 + Level 1.2 Slings
 + Level 1.2 Bows
 + Level 1.2 Crossbows
 + Level 1.2 Throwing
 + Level 4.7 Armour
 + Level 2.8 Dodging
 + Level 1.2 Stealth
 + Level 1.2 Shields
 + Level 1.2 Unarmed Combat
 + Level 1.2 Spellcasting
 + Level 1.0 Conjurations
 + Level 1.0 Hexes
 + Level 1.0 Summonings
 + Level 1.0 Necromancy
 + Level 1.0 Translocations
 + Level 1.0 Transmutations
 + Level 1.0 Fire Magic
 + Level 1.0 Ice Magic
 + Level 1.0 Air Magic
 + Level 1.0 Earth Magic
 + Level 1.0 Poison Magic
 + Level 4.7 Invocations
 + Level 1.2 Evocations


You had 5 spell levels left.
You didn't know any spells.
Your spell library was empty.

Dungeon Overview and Level Annotations

Branches:
Dungeon (3/15)

Altars:
Ashenzari
Dithmenos
Okawaru
Ru
Zin


Innate Abilities, Weirdness & Mutations

Your experience applies equally to all skills.
You have very sharp teeth.
Your uncanny sense of smell can sniff out nearby items.
You are robust. (+10% HP)
You are weak. (Str -2)


Message History

Things that are here:
a +0 war axe; a +0 ring mail You hit the orc priest but do no damage.
The orc priest is heavily wounded.
The orc priest misses you.
Things that are here:
a +0 war axe; a +0 ring mail Unknown command.
Things that are here:
a +0 war axe; a +0 ring mail You closely miss the orc priest.
The orc priest is heavily wounded.
The orc priest closely misses you.
Things that are here:
a +0 war axe; a +0 ring mail You hit the orc priest.
The orc priest is severely wounded.
The orc priest mumbles some strange prayers to Beogh against you.
Pain shoots through your body!
You die...

#...#..........#..
##...###...##(.#.###
...# #..........## ...#
#....))......
.................#
..###..........#.#
#.####............
#o[.............##
#@####...^.......# #.#
######.....#.. #.#
#≈≈≈≈##.#.....
#.###≈≈≈≈##.###..#
####.#.+≈≈≈≈'..###...
##....#.#≈≈≈≈#........
##.......#≈≈≈≈##.......
#........#######.......
#.................)....


You could see an orc priest.

Vanquished Creatures
  3 adders
  An ooze (D:3)
  A worm (D:3)
  2 leopard geckos
  11 orcs (D:3)
  A ball python (D:2)
  5 bats
  A giant cockroach (D:3)
  7 goblins
  5 hobgoblins (D:1)
  8 kobolds
  A quokka (D:3)
  5 frilled lizards
  5 rats
56 creatures vanquished.

Notes
Turn   | Place    | Note
-------+----------+-------------------------------------------
     0 | Abyss:1  | Gargoyl the Gnoll Abyssal Knight began the quest for the
                  | Orb.
     0 | Abyss:1  | Reached XP level 1. HP: 23/23 MP: 3/3
    75 | Abyss:1  | Noticed a small abomination
    78 | D:1      | Escaped the Abyss
   271 | D:1      | Reached XP level 2. HP: 29/29 MP: 5/5
   538 | D:1      | Reached * piety under Lugonu
  1053 | D:2      | Reached XP level 3. HP: 11/35 MP: 6/6
  1123 | D:2      | Found a shadowy altar of Dithmenos.
  1158 | D:2      | Found an iron altar of Okawaru.
  1431 | D:2      | Reached skill level 1 in Short Blades
  1431 | D:2      | Reached skill level 1 in Long Blades
  1431 | D:2      | Reached skill level 1 in Maces & Flails
  1431 | D:2      | Reached skill level 1 in Polearms
  1431 | D:2      | Reached skill level 1 in Staves
  1431 | D:2      | Reached skill level 1 in Slings
  1431 | D:2      | Reached skill level 1 in Bows
  1431 | D:2      | Reached skill level 1 in Crossbows
  1431 | D:2      | Reached skill level 1 in Throwing
  1431 | D:2      | Reached skill level 1 in Stealth
  1431 | D:2      | Reached skill level 1 in Shields
  1431 | D:2      | Reached skill level 1 in Unarmed Combat
  1431 | D:2      | Reached skill level 1 in Spellcasting
  1431 | D:2      | Reached skill level 1 in Evocations
  1481 | D:2      | Found a sacrificial altar of Ru.
  1482 | D:2      | Found a glowing silver altar of Zin.
  1796 | D:3      | Reached XP level 4. HP: 40/41 MP: 7/7
  2008 | D:3      | Reached skill level 1 in Conjurations
  2008 | D:3      | Reached skill level 1 in Hexes
  2008 | D:3      | Reached skill level 1 in Summonings
  2008 | D:3      | Reached skill level 1 in Necromancy
  2008 | D:3      | Reached skill level 1 in Translocations
  2008 | D:3      | Reached skill level 1 in Transmutations
  2008 | D:3      | Reached skill level 1 in Fire Magic
  2008 | D:3      | Reached skill level 1 in Ice Magic
  2008 | D:3      | Reached skill level 1 in Air Magic
  2008 | D:3      | Reached skill level 1 in Earth Magic
  2008 | D:3      | Reached skill level 1 in Poison Magic
  2083 | D:3      | Found a shattered altar of Ashenzari.
  2164 | D:3      | Reached ** piety under Lugonu
  2172 | D:3      | Gained mutation: You are weak. (Str -2) [potion of
                  | mutation]
  2172 | D:3      | Gained mutation: You are robust. (+10% HP) [potion of
                  | mutation]
  2197 | D:3      | Killed from afar by an orc priest

Illustrated notes

Levels and vault maps discovered:
D:1:      dpeg_arrival_central, layout_basic
D:2:      layout_loops_cross, okawaru_ov_weapons_minmay,
          gammafunk_temple_overflow_pools, lemuel_round_altar
D:3:      layout_rooms, lemuel_zombie_altar_yredelemnul, serial_rivers,
          chequers_serial_rivers_micro_d, chequers_serial_rivers_marsh,
          chequers_serial_rivers_small_a, chequers_serial_rivers_room_b,
          nicolae_ashenzari_panopticon

Skill      XL: |  1  2  3  4 |
---------------+-------------+-----
Short Blades   | 1 |  1.2
Long Blades    | 1 |  1.2
Maces & Flails | 1 |  1.2
Polearms       | 1 |  1.2
Staves         | 1 |  1.2
Slings         | 1 |  1.2
Bows           | 1 |  1.2
Crossbows      | 1 |  1.2
Throwing       | 1 |  1.2
Stealth        | 1 |  1.2
Shields        | 1 |  1.2
Unarmed Combat | 1 |  1.2
Spellcasting   | 1 |  1.2
Evocations     | 1 |  1.2
Conjurations   | 1 |  1.0
Hexes          | 1 |  1.0
Summonings     | 1 |  1.0
Necromancy     | 1 |  1.0
Translocations | 1 |  1.0
Transmutations | 1 |  1.0
Fire Magic     | 1 |  1.0
Ice Magic      | 1 |  1.0
Air Magic      | 1 |  1.0
Earth Magic    | 1 |  1.0
Poison Magic   | 1 |  1.0
Fighting       | |  6.6
Axes           | |  4.7
Armour         | |  4.7
Dodging        | |  2.8
Invocations    | |  4.7

Action                   |  1- 3 |  4- 6 || total
-------------------------+-------+-------++-------
Melee: Hand axe          |   103 |    83 ||   186
       Bite              |     7 |     9 ||    16
       Punch             |     1 |       ||     1
Invok: Depart the Abyss  |     1 |       ||     1
  Use: Potion            |     1 |     3 ||     4
       Scroll            |     6 |       ||     6
Armor: Leather armour    |    24 |       ||    24
       Ring mail         |    28 |    43 ||    71
Dodge: Dodged            |    66 |    65 ||   131

Table legend: (Time is in decaauts)
 A = Elapsed time spent in this place.
 B = Non-inter-level travel time spent in this place.
 C = Inter-level travel time spent in this place.
 D = Time resting spent in this place.
 E = Time spent auto-exploring this place.
 F = Levels seen in this place.
 G = Mean time per level.
                   A        B        C        D        E       F      G
               +--------+--------+--------+--------+--------+-----+--------+
         Total |   2216 |   2147 |     69 |    112 |   1511 |   4 |  554.0 |
       Dungeon |   2138 |   2069 |     69 |     89 |   1466 |   3 |  712.7 |
         Abyss |     78 |     78 |      0 |     23 |     45 |   1 |   78.0 |
               +--------+--------+--------+--------+--------+-----+--------+

Top non-repeatable levels by time:
     D:1: 912 daAuts
     D:2: 731 daAuts
     D:3: 494 daAuts
 Abyss:1: 78 daAuts
